 Dungeon Crawl Stone Soup version 0.20.1-1-g8b1a95d (webtiles) character file.

48021 dohliylev the Unseen (level 14, -10/103 HPs)
             Began as a Vampire Enchanter on Dec 13, 2017.
             Mangled by a spriggan rider
             ... wielding a cursed +0 blowgun
              (26 damage)
             ... on level 6 of the Lair of Beasts.
             The game lasted 02:10:03 (27277 turns).

dohliylev the Unseen (Vampire Enchanter)           Turns: 27277, Time: 02:10:04

Health: -10/103    AC:  0    Str:  7    XL:     14   Next: 10%
Magic:  8/29       EV: 33    Int: 18    God:
Gold:   1035       SH:  0    Dex: 24    Spells: 23/35 levels left

rFire    . . .     SeeInvis +   (weapon currently unavailable)
rCold    . . .     Gourm    .   (shield currently unavailable)
rNeg     + . .     Faith    +   (armour currently unavailable)
rPois    .         Spirit   .   (helmet currently unavailable)
rElec    .         Reflect  .   (cloak currently unavailable)
rCorr    .         Harm     .   (gloves currently unavailable)
MR       +....                  (boots currently unavailable)
Stlth    +++++++++.             Q - amulet of faith
Regen    0.3/turn               (ring currently unavailable)
MPRegen  0.3/turn               (ring currently unavailable)

@: lethally poisoned (-10 -> -10), bat-form, flying, slowed, quick
A: fangs 3, see invisible
a: End Transformation


You were on level 6 of the Lair of Beasts.
You were not thirsty.
You were in vampire-bat-form.
You visited 3 branches of the dungeon, and saw 15 of its levels.
You also visited: Labyrinth, Sewer and Ossuary.

You collected 1035 gold pieces.

Inventory:

Hand Weapons
 a - a +2 dagger of electrocution (melded)
 N - a +0 dagger of venom
Armour
 n - a +2 pair of boots (melded)
 E - a +2 robe of magic resistance (melded)
 K - a +0 buckler (melded)
 T - the +0 pair of gloves "Sarecw" (melded) {rN+ Int+2}
   (You found it in a labyrinth)

   It affects your intelligence (+2).
   It protects you from negative energy.
 U - a scarf of resistance (melded)
 X - a +2 helmet (melded)
Jewellery
 k - the ring "Huiborar" (melded) {Str+3 SInv Stlth+}
   (You found it on level 4 of the Lair of Beasts)

   [ring of stealth]

   It affects your strength (+3).
   It lets you see invisible.
   It makes you more stealthy.
 B - an uncursed ring of positive energy
 H - a +5 ring of intelligence (melded)
 Q - an amulet of faith (around neck)
 W - an uncursed ring of protection from magic
Wands
 b - a wand of acid (9/15)
 e - a wand of iceblast (8/15)
 m - a wand of paralysis (10/24)
 q - a wand of iceblast (6/15)
 v - a wand of iceblast (8/15)
 w - a wand of flame (23/48)
 x - a wand of digging (17/24)
 C - a wand of flame (20/48)
 D - a wand of scattershot (4/9)
 J - a wand of paralysis (7/24)
 L - a wand of disintegration (14/24)
 R - a wand of polymorph (3/24)
 S - a wand of confusion (30/48)
 V - a wand of iceblast (12/15)
 Z - a wand of confusion (23/48)
Scrolls
 g - 6 scrolls of recharging
 i - 8 scrolls of remove curse
 o - 2 scrolls of magic mapping
 s - 3 scrolls of enchant armour
 u - 7 scrolls of teleportation
 y - 2 scrolls of blinking
 z - 4 scrolls of fear
 A - 3 scrolls of fog
Potions
 d - 10 potions of blood
 f - a potion of resistance
 h - 3 potions of might
 j - 4 potions of curing {unknown}
 l - 8 potions of haste
 p - 4 potions of brilliance {unknown}
 r - 6 potions of heal wounds
 t - a potion of agility {unknown}
 F - 2 potions of invisibility {unknown}
 G - 8 potions of flight {unknown}
 I - a potion of cancellation {unknown}
 M - 2 potions of berserk rage {unknown}
 P - 2 potions of mutation {unknown}
 Y - a potion of degeneration {unknown}
Books
 c - a book of Maledictions

   Spells                             Type                      Level
   a - Corona                         Hexes                        1
   b - Ensorcelled Hibernation        Hexes/Ice                    2
   c - Confuse                        Hexes                        3
   d - Tukima's Dance                 Hexes                        3
   e - Dazzling Spray                 Conjuration/Hexes            3


   Skills:
 - Level 7.1 Fighting
 - Level 5.8 Short Blades
 - Level 0.7 Throwing
 - Level 0.4 Armour
 + Level 10.7 Dodging
 - Level 18.1 Stealth
 * Level 0.6 Shields
 - Level 0.7 Unarmed Combat
 - Level 11.0 Spellcasting
 - Level 3.0 Conjurations
 - Level 15.0 Hexes
 - Level 4.1 Ice Magic
 - Level 0.5 Evocations


You had 23 spell levels left.
You knew the following spells:

 Your Spells              Type           Power        Failure   Level  Hunger
a - Corona                Hex            ######.      0%          1    None
b - Ensorcelled Hibernat  Hex/Ice        #####.       1%          2    None
c - Confuse               Hex            ######..     1%          3    None
d - Tukima's Dance        Hex            ######..     1%          3    None
e - Dazzling Spray        Conj/Hex       #####.       1%          3    None


Dungeon Overview and Level Annotations

Branches:
Dungeon (8/15)             Temple (1/1) D:5            Lair (6/6) D:8
 Shoals (0/4) Lair:4       Spider (0/4) Lair:2        Slime (0/5) Lair:6

Altars:
Ashenzari
Cheibriados
Dithmenos
Elyvilon
Fedhas
Gozag
Nemelex Xobeh
Okawaru
Ru
Trog
Uskayaw
Vehumet
Xom
Yredelemnul
The Shining One
Jiyva

Annotations:
Lair:1 exclusion: 2 oklob plants


Innate Abilities, Weirdness & Mutations

You have razor-sharp teeth.
You have supernaturally acute eyesight. (SInv)
((You can survive without breathing.))


Message History

You feel less resistant to hostile enchantments.
You feel stupid.
You feel sick.
The spriggan rider hits you with a blowgun!
You feel sick.
The spriggan rider completely misses you.
You feel sick.
You feel sick.
The spriggan rider hits you with a blowgun!
You feel sick.
You feel sick.
The spriggan rider completely misses you.
You feel sick.
The spriggan rider hits you with a blowgun.
You feel sick.
The spriggan rider hits you with a blowgun!!
* * * LOW HITPOINT WARNING * * *
You feel sick.
The spriggan rider hits you with a blowgun!!
You die...

..♣♣ ♣.♣....♣ ...♣
.. ♣♣..♣♣ ...♣♣♣ ..
♣..♣ .....♣♣ ♣ ♣.♣♣
......♣♣♣♣♣♣♣ ♣.♣♣
............♣ ♣♣.♣♣
#..#.#.P..P♣♣♣♣♣♣..♣
..#.#..##.#♣...♣♣i.♣
.#.########.....b..♣
..## ##..##..♣♣ ..##
##.###.♣ .#.#
####..##### ...#
#.#.#...# .###
##...†..## .#
##......## .#
##........# .#
#.....<.###


You could see a spriggan rider.

Vanquished Creatures
  Rupert (Lair:6)
  Gastronok (Lair:3)
  A minotaur (Lab)
  6 hydras
  2 anacondas (Lair:4)
  Urug (Lair:3)
  Sonja (Lair:2)
  The ghost of bmj180 the Carver, a novice MiFi (D:7)
  Pikel (D:6)
  An orb spider (Lair:2)
  24 elephants
  6 black mambas
  A merfolk siren (Lair:4)
  13 spiny frogs
  2 rime drakes (Lair:6)
  7 komodo dragons
  3 merfolk (Lair:4)
  3 polar bears (Lair:6)
  3 hornets (Lair:6)
  14 blink frogs
  3 dream sheep
  7 hippogriffs
  6 spriggans
  15 yaks
  A basilisk (Lair:1)
  3 wyverns
  24 water moccasins
  11 porcupines
  4 black bears (Lair:6)
  An orc warrior (D:8)
  4 ice beasts
  4 ogres
  20 wolves
  A boggart (Lair:6)
  2 centaurs
  8 crocodiles
  6 big kobolds
  Blork the orc (D:5)
  10 bullfrogs
  A water moccasin zombie (Ossuary)
  3 scorpions
  A wyvern skeleton (D:6)
  6 killer bees (D:7)
  2 howler monkeys
  A crimson imp (D:5)
  2 centaur zombies
  A hound (D:7)
  5 jellies
  8 orc priests
  11 orc wizards
  Crazy Yiuf (D:3)
  A bullfrog skeleton (D:7)
  A centaur skeleton (D:7)
  Ijyb (D:3)
  6 iguanas
  Natasha (thrice) (D:3)
  5 worker ants
  5 big kobold zombies (Ossuary)
  A hound zombie (D:7)
  A hound skeleton (D:4)
  2 mummies (Ossuary)
  3 gnolls
  13 adders
  2 river rats (Sewer)
  3 oozes
  7 adder zombies
  2 adder skeletons (D:5)
  2 worms
  2 dart slugs
  15 leopard geckos
  21 orcs
  3 ball pythons
  8 giant cockroaches
  4 gnoll zombies (Ossuary)
  16 goblins
  4 hobgoblins
  8 jackals
  23 kobolds
  6 quokkas
  5 bats
  16 frilled lizards
  A giant cockroach zombie (D:5)
  6 hobgoblin zombies (Ossuary)
  A jackal skeleton (D:6)
  3 kobold zombies (Ossuary)
  A leopard gecko skeleton (D:6)
  A leopard gecko zombie (D:6)
  6 orc zombies (Ossuary)
  27 rats
  A plant (D:8)
501 creatures vanquished.

Vanquished Creatures (others)
  The ghost of Bareth the Cudgeler, a novice TrBe of Trog (D:6)
  3 blink frogs (Lair:2)
  A dancing weapon (D:7)
  A slave (D:6)
  3 wolves (Lair:2)
  A crocodile (Lair:2)
  A kobold zombie (Ossuary)
  101 fungi
  50 plants
162 creatures vanquished.

Grand Total: 663 creatures vanquished

Notes
Turn   | Place    | Note
-------+----------+-------------------------------------------
     0 | D:1      | dohliylev the Vampire Enchanter began the quest for the Orb.
     0 | D:1      | Reached XP level 1. HP: 13/13 MP: 3/3
   245 | D:1      | Reached skill level 5 in Stealth
   311 | D:1      | Reached XP level 2. HP: 19/19 MP: 5/5
   315 | D:1      | Learned a level 2 spell: Ensorcelled Hibernation
   743 | D:1      | Reached skill level 6 in Stealth
  1403 | D:2      | Reached XP level 3. HP: 24/24 MP: 6/6
  1500 | D:2      | Reached skill level 1 in Ice Magic
  2353 | D:3      | Reached XP level 4. HP: 30/30 MP: 7/7
  2641 | D:3      | Found a snail-covered altar of Cheibriados.
  2966 | D:3      | Noticed Ijyb
  3002 | D:3      | Killed Ijyb
  3002 | D:3      | Reached XP level 5. HP: 31/35 MP: 1/8
  3058 | D:3      | Noticed Natasha
  3074 | D:3      | Killed Natasha
  3074 | D:3      | Reached skill level 5 in Hexes
  3146 | D:3      | Noticed Natasha
  3175 | D:3      | Killed Natasha
  3192 | D:3      | Found a runed door.
  3228 | D:3      | Noticed Crazy Yiuf
  3232 | D:3      | Killed Crazy Yiuf
  3358 | D:3      | Noticed Natasha
  3365 | D:3      | Killed Natasha
  3453 | D:3      | Reached XP level 6. HP: 41/41 MP: 4/9
  3908 | D:4      | Found a glowing drain.
  3912 | Sewer    | Entered a sewer
  4608 | D:5      | Entered Level 5 of the Dungeon
  4845 | D:5      | Reached XP level 7. HP: 46/46 MP: 6/10
  4964 | D:4      | Found a shadowy altar of Dithmenos.
  5027 | D:4      | Learned a level 3 spell: Confuse
  5824 | D:4      | Learned a level 3 spell: Tukima's Dance
  5828 | D:4      | Learned a level 3 spell: Dazzling Spray
  6070 | D:5      | Reached skill level 7 in Stealth
  6172 | D:5      | Found a staircase to the Ecumenical Temple.
  6182 | Temple   | Entered the Ecumenical Temple
  6290 | D:5      | Reached skill level 8 in Stealth
  6290 | D:5      | Reached XP level 8. HP: 52/52 MP: 8/14
  6311 | D:5      | Noticed Blork the orc
  6457 | D:5      | Reached skill level 9 in Stealth
  6890 | D:5      | Killed Blork the orc
  7291 | D:5      | Reached skill level 10 in Stealth
  7551 | D:6      | Noticed Bareth's ghost (novice TrBe)
  7583 | D:6      | Found a sand-covered staircase.
  7588 | Ossuary  | Entered an ossuary
  7673 | Ossuary  | Reached skill level 11 in Stealth
  8416 | D:6      | Noticed Pikel
  8421 | D:6      | Killed Pikel
  8421 | D:6      | Reached skill level 13 in Stealth
  8421 | D:6      | Reached XP level 9. HP: 57/57 MP: 12/15
  8470 | D:6      | Noticed a dagger
  8472 | D:6      | Found a hide-covered altar of Uskayaw.
  8473 | D:6      | Noticed a hand axe
  8736 | D:6      | Found an iron altar of Okawaru.
  8753 | D:6      | Found a sacrificial altar of Ru.
  8775 | D:6      | Killed Bareth's ghost
  8775 | D:6      | Reached skill level 14 in Stealth
 10022 | D:7      | Noticed bmj180's ghost (novice MiFi)
 10237 | D:6      | Reached skill level 15 in Stealth
 10967 | D:8      | Reached skill level 5 in Dodging
 11745 | D:7      | Killed bmj180's ghost
 11745 | D:7      | Reached XP level 10. HP: 63/63 MP: 10/16
 12161 | D:8      | Found a staircase to the Lair.
 12375 | D:8      | Found a glowing golden altar of the Shining One.
 12527 | D:8      | Reached skill level 5 in Short Blades
 12642 | D:8      | Noticed a three-headed hydra
 12830 | D:8      | Reached skill level 1 in Fighting
 12945 | D:8      | Killed a three-headed hydra
 13049 | Lair:1   | Entered Level 1 of the Lair of Beasts
 13064 | Lair:1   | Found a labyrinth entrance.
 13089 | Lair:1   | Noticed a black mamba
 13092 | Lair:1   | Killed a black mamba
 13092 | Lair:1   | Reached skill level 5 in Fighting
 13165 | Lair:1   | Noticed a spiny frog
 13172 | Lair:1   | Killed a spiny frog
 13236 | Lab      | Entered a labyrinth
 13519 | Lab      | Noticed a minotaur
 13526 | Lab      | Killed a minotaur
 13526 | Lab      | Reached skill level 5 in Spellcasting
 13526 | Lab      | Reached XP level 11. HP: 79/79 MP: 17/19
 13529 | Lab      | Got a pair of heavily runed gloves
 13535 | Lab      | Identified the cursed +0 pair of gloves "Sarecw" {rN+ Int+2} (You found it in a labyrinth)
 13969 | Lair:1   | Noticed a seven-headed hydra
 14247 | Lair:1   | Noticed an oklob plant
 14248 | Lair:1   | Noticed an oklob plant
 14711 | Lair:1   | Killed a seven-headed hydra
 14917 | Lair:2   | Reached skill level 1 in Conjurations
 15232 | Lair:2   | Found a hole to the Spider Nest.
 15232 | Lair:2   | Noticed an orb spider
 15862 | Lair:2   | Killed an orb spider
 15882 | Lair:2   | Reached skill level 10 in Hexes
 15918 | Lair:2   | Noticed Sonja
 15948 | Lair:2   | Killed Sonja
 16336 | Lair:2   | Reached skill level 16 in Stealth
 16703 | Lair:3   | Noticed Gastronok
 17183 | Lair:3   | Reached XP level 12. HP: 86/86 MP: 17/24
 17223 | Lair:3   | Noticed Urug
 17230 | Lair:3   | Killed Urug
 17230 | Lair:3   | Reached skill level 17 in Stealth
 17648 | Lair:3   | Reached skill level 18 in Stealth
 17779 | Lair:3   | Noticed a five-headed hydra
 18804 | Lair:3   | Noticed a catoblepas
 18992 | Lair:3   | Noticed a dire elephant
 19150 | Lair:3   | Noticed an eight-headed hydra
 19311 | Lair:3   | HP: 2/91 [Gastronok/the air (37)]
 20131 | Lair:4   | Noticed an eight-headed hydra
 20288 | Lair:4   | Killed an eight-headed hydra
 20359 | Lair:4   | Got a bound golden ring
 20362 | Lair:4   | Identified the ring "Huiborar" {Str+3 SInv Stlth+} (You found it on level 4 of the Lair of Beasts)
 21047 | Lair:4   | Noticed an anaconda
 21062 | Lair:4   | Noticed an anaconda
 21065 | Lair:4   | Killed an anaconda
 21065 | Lair:4   | Reached XP level 13. HP: 96/96 MP: 23/26
 21218 | Lair:4   | Found a shimmering altar of Xom.
 21343 | Lair:4   | Found a staircase to the Shoals.
 21377 | Lair:4   | Reached skill level 10 in Spellcasting
 22717 | Lair:6   | Entered Level 6 of the Lair of Beasts
 23226 | Lair:3   | Killed Gastronok
 23929 | Lair:6   | Found a runed door.
 24033 | Lair:6   | Found a viscous altar of Jiyva.
 24033 | Lair:6   | Found a staircase to the Slime Pits.
 24094 | Lair:6   | Noticed Rupert
 24155 | Lair:6   | Paralysed by Rupert for 3 turns
 24417 | Lair:6   | Reached skill level 15 in Hexes
 25458 | Lair:6   | Killed Rupert
 26251 | Lair:6   | Reached skill level 10 in Dodging
 26347 | Lair:6   | Reached XP level 14. HP: 103/103 MP: 23/29
 27277 | Lair:6   | Mangled by a spriggan rider

Skill      XL: |  1  2  3  4  5  6  7  8  9 10 11 12 13 |
---------------+----------------------------------------+-----
Stealth        | 5 6 8 13 15 16 18 | 18.1
Ice Magic      | 2 4 |  4.1
Hexes          | 6 8 9 10 12 15 | 15.0
Spellcasting   | 4 5 8 9 11 | 11.0
Dodging        | 7 8 10 | 10.7
Short Blades   | 5 |  5.8
Fighting       | 5 7 |  7.1
Conjurations   | 3 |  3.0
Throwing       | |  0.7
Armour         | |  0.4
Shields        | |  0.6
Unarmed Combat | |  0.7
Evocations     | |  0.5

Action                   |  1- 3 |  4- 6 |  7- 9 | 10-12 | 13-15 || total
-------------------------+-------+-------+-------+-------+-------++-------
Melee: Dagger            |   101 |   117 |   313 |   139 |   138 ||   808
       Bite              |     4 |     4 |    22 |     5 |     5 ||    40
       Punch             |       |       |       |     1 |       ||     1
 Cast: Corona            |     6 |     9 |    22 |    33 |    23 ||    93
       Ensorcelled Hiber |    25 |    53 |   141 |   218 |   175 ||   612
       Confuse           |       |       |    34 |     5 |    60 ||    99
       Tukima's Dance    |       |       |     1 |     1 |     1 ||     3
       Dazzling Spray    |       |       |       |    10 |     1 ||    11
 Abil: Bat Form          |     4 |     3 |    18 |    48 |    26 ||    99
       End Transformatio |     4 |     3 |    18 |    48 |    25 ||    98
  Use: Potion            |       |     6 |    11 |     7 |     2 ||    26
       Scroll            |       |       |     7 |    10 |     7 ||    24
 Stab: Sleeping          |    26 |    42 |    96 |   112 |    96 ||   372
       Confused          |       |       |    15 |     2 |    12 ||    29
  Eat: Corpse            |    15 |     5 |    11 |    16 |     9 ||    56
Armor: Robe              |    12 |    17 |    56 |    11 |    20 ||   116
       Skin              |       |       |       |     5 |       ||     5
Dodge: Dodged            |    57 |    62 |   168 |    80 |    93 ||   460
Block: Buckler           |       |       |       |       |     3 ||     3
